 Dungeon Crawl Stone Soup version 0.25.0-1-g7eea58d (webtiles) character file.

Game seed: 5468715888617936732

91 GeorgeSoros the Digger (level 4, 0/37 HPs)
             Began as a Demigod Wanderer on June 24, 2020.
             Slain by an orc wizard
             ... wielding a +0 dagger
              (4 damage)
             ... on level 2 of the Dungeon.
             The game lasted 00:08:46 (2121 turns).

GeorgeSoros the Digger (Demigod Wanderer)           Turns: 2121, Time: 00:08:46

Health: 0/37       AC:  2    Str: 16    XL:     4   Next: 12%
Magic:  9/9        EV: 11    Int: 17    God:
Gold:   133        SH:  0    Dex: 21    Spells: 6/7 levels left

rFire    + . .     SeeInvis .   a - +0 dagger
rCold    . . .     Gourm    .   (no shield)
rNeg     . . .     Faith    .   e - +0 robe
rPois    .         Spirit   .   (no helmet)
rElec    .         Reflect  .   (no cloak)
rCorr    .         Harm     .   (no gloves)
MR       .....                  (no boots)
Stlth    ++........             (no amulet)
HPRegen  0.12/turn              g - +6 ring of dexterity
MPRegen  0.11/turn              l - ring of protection from fire

@: no status effects
A: high mp 1
a: no special abilities


You were on level 2 of the Dungeon.
You were not hungry.

You visited 1 branch of the dungeon, and saw 2 of its levels.

You collected 133 gold pieces.

Inventory:

Hand Weapons
 a - a +0 dagger (weapon)
 b - a +1 hunting sling of flaming
Missiles
 c - 15 poisoned darts (quivered)
 m - 105 stones
Armour
 e - a +0 robe (worn)
 i - a +1 leather armour
Jewellery
 g - a +6 ring of dexterity (left hand)
 l - a ring of protection from fire (right hand)
Potions
 h - a potion of curing {unknown}
 j - a potion of stabbing {unknown}
 k - 2 potions of haste
 n - 2 potions of cancellation
 o - a potion of flight {unknown}
Comestibles
 f - 2 rations


   Skills:
 + Level 2.6 Fighting
 - Level 1.0 Throwing
 + Level 1.3 Armour
 - Level 1.0 Stealth
 - Level 2.0 Spellcasting
   Level 1.0 Summonings
   Level 1.0 Transmutations
 + Level 4.0 Earth Magic


You had 6 spell levels left.
You knew the following spells:

 Your Spells              Type           Power        Failure   Level  Hunger
a - Sandblast             Erth           ###...       3%          1    #......

Your spell library contained the following spells:

 Spells                   Type           Power        Failure   Level  Hunger
 Passwall                 Tmut/Erth      ##......     11%         2    ###....
 Shock                    Conj/Air       #...         19%         1    #......
 Stone Arrow              Conj/Erth      #.....       26%         3    ###....
 Static Discharge         Conj/Air       #.......     50%         3    ###....
 Petrify                  Tmut/Erth      ##......     56%         4    #####..
 Lee's Rapid Deconstruct  Erth           ###.......   71%         5    ######.


Dungeon Overview and Level Annotations

Branches:
Dungeon (2/15)


Innate Abilities, Weirdness & Mutations

You have an increased reservoir of magic. (+10% MP)


Message History

You miss something. Something hits you.
You miss something. Something hits you.
* * * LOW HITPOINT WARNING * * *
You miss something. Something hits you.
* * * LOW HITPOINT WARNING * * *
You miss something.
You hear some strange, mumbled words.
Something tries to affect you, but you resist.
You barely miss something. Something hits you but does no damage.
Okay, then.
You aren't carrying any scrolls.
Unknown command.
You miss something.
You hear some strange, mumbled words.
A puff of flame appears from out of thin air!
The puff of flame hits you. You resist.
* * * LOW HITPOINT WARNING * * *
You aren't carrying any items that you can evoke.
You miss something. Something hits you.
You die...

.###..........>.......<....#
...................#.##.#
....##.....#....###.#.##.#
####+##.....#..........##.#
.......#.##.#....###.####.#
.................# #.# #.#
....... ###.#..### #.# #.#
.......####.#..# #.# .#
.......)...{@..# #.#
.......####.#..# #.# .......
#.#..# .# !...... #.#..#
....... #.#..# .......
####.# ....... .# ....... .#


There were no monsters in sight!

Vanquished Creatures
  Jessica (D:2)
  An adder (D:2)
  A worm (D:2)
  A dart slug (D:1)
  3 leopard geckos (D:1)
  3 orcs (D:2)
  2 giant cockroaches (D:1)
  5 goblins
  3 hobgoblins
  3 jackals (D:2)
  5 kobolds
  A quokka (D:2)
  4 bats
  2 frilled lizards
  11 rats
46 creatures vanquished.

Notes
Turn   | Place    | Note
-------+----------+-------------------------------------------
     0 | D:1      | GeorgeSoros the Demigod Wanderer began the quest for the
                  | Orb.
     0 | D:1      | GeorgeSoros set off with the following items: a +0 dagger,
                  | 15 poisoned darts, a +0 robe, a ration; and the following
                  | spells available to memorise: Sandblast, Passwall, Shock,
                  | Stone Arrow, Static Discharge, Petrify, Lee's Rapid
                  | Deconstruction
     0 | D:1      | Reached XP level 1. HP: 14/14 MP: 5/5
    13 | D:1      | Learned a level 1 spell: Sandblast
   294 | D:1      | Reached skill level 1 in Fighting
   586 | D:1      | Reached XP level 2. HP: 21/23 MP: 7/7
  1402 | D:2      | Reached XP level 3. HP: 20/29 MP: 5/8
  1510 | D:2      | Noticed Jessica
  1531 | D:2      | Killed Jessica
  1531 | D:2      | Reached skill level 1 in Armour
  1845 | D:2      | Reached XP level 4. HP: 32/37 MP: 5/9
  2020 | D:2      | Reached skill level 4 in Earth Magic
  2121 | D:2      | Slain by an orc wizard

Illustrated notes

Levels and vault maps discovered:
D:1:      ebering_trefoil_3fold, layout_loops_ring, minmay_stone_trees_small,
          st_stairs_12, minmay_bisected
D:2:      layout_basic, bloody_trog, minmay_tetromino_i2, uniq_sigmund,
          uniq_robin, uniq_jessica

Skill      XL: |  1  2  3  4 |
---------------+-------------+-----
Spellcasting   | 2 |  2.0
Fighting       | 1 2 |  2.6
Armour         | 1 |  1.3
Earth Magic    | 4 |  4.0
Throwing       | |  1.0
Stealth        | |  1.0
Summonings     | |  1.0
Transmutations | |  1.0

Action                   |  1- 3 |  4- 6 || total
-------------------------+-------+-------++-------
Melee: Dagger            |   139 |    37 ||   176
 Fire: Hunting sling     |       |     5 ||     5
 Cast: Sandblast         |    21 |     7 ||    28
  Use: Scroll            |       |     3 ||     3
 Stab: Sleeping          |     2 |     1 ||     3
       Distracted        |     1 |       ||     1
  Eat: Chunk             |     3 |     1 ||     4
Armor: Robe              |    44 |     4 ||    48
Dodge: Dodged            |   124 |     3 ||   127
